 Dungeon Crawl Stone Soup version 0.26-a0-812-g31a745ddcd (webtiles) character file.

Game seed: 7514458810948114969

356 CypherZel the Skirmisher (level 6, 0/106 HPs)
             Began as an Ogre Berserker on Nov 23, 2020.
             Was a Believer of Trog.
             Slain by Pikel
             ... wielding a +1 whip of electrocution
              (20 damage)
             ... on level 3 of the Dungeon.
             The game lasted 00:14:55 (7240 turns).

CypherZel the Skirmisher (Ogre Berserker)           Turns: 7240, Time: 00:14:56

Health: 0/106      AC: 11    Str: 24    XL:     6   Next: 63%
Magic:  6/6        EV:  8    Int:  8    God:    Trog [**....]
Gold:   166        SH:  0    Dex:  8    Spells: 5/5 levels left

rFire    + + .     SeeInvis .   a - +0 mace
rCold    x . .     Faith    .   (no shield)
rNeg     . . .     Spirit   .   j - +1 fire dragon scales
rPois    .         Reflect  .   (helmet restricted)
rElec    .         Harm     .   l - +0 cloak
rCorr    .         Rampage  .   (gloves unavailable)
MR       .....                  (boots unavailable)
Stlth    ..........             (no amulet)
HPRegen  0.27/turn              (no ring)
MPRegen  0.10/turn              (no ring)

@: berserking (expiring), very quick
A: large, unfitting armour, tough skin 1
a: Berserk, Trog's Hand, Renounce Religion


You were on level 3 of the Dungeon.
You worshipped Trog.
Trog was pleased with you.
You visited 1 branch of the dungeon, and saw 4 of its levels.

You collected 166 gold pieces.

Inventory:

Hand Weapons
 a - a +0 mace (weapon)
Missiles
 g - 19 poisoned darts (quivered)
 i - 64 stones
 m - 5 datura-tipped darts
Armour
 b - a +0 animal skin
 j - +1 fire dragon scales (worn)
 l - a +0 cloak (worn)
Scrolls
 d - 2 scrolls of teleportation
 e - 4 scrolls of identify
 n - a scroll of amnesia
Potions
 c - 2 potions of lignification
 f - 4 potions of heal wounds
 h - 2 potions of curing
 k - a potion of brilliance


   Skills:
 + Level 7.2 Fighting
 + Level 5.0 Maces & Flails
 - Level 2.6 Dodging


You had 5 spell levels left.
You didn't know any spells.
Your spell library was empty.

Dungeon Overview and Level Annotations

Branches:
Dungeon (4/15)
 Temple: D:4-7

Altars:
Cheibriados
Dithmenos
Hepliaklqana
Makhleb

Annotations:
D:2 exclusion: downstairs
D:3 Pikel


Innate Abilities, Weirdness & Mutations

You are too large for most types of armour.
You have tough skin. (AC +1)


Message History

You sock the worker ant!
You kill the worker ant!
Trog accepts your kill.
Your Maces & Flails skill increases to level 5!
Pikel hits you but does no damage.
You are electrocuted!
You are too injured to fight recklessly!
You closely miss Pikel. Pikel hits you but does no damage.
You sock Pikel!
Pikel is moderately wounded.
You hit Pikel.
Pikel is moderately wounded.
Pikel hits you with a +1 whip of electrocution.
You are electrocuted!
* * * LOW HITPOINT WARNING * * *
You thump Pikel!
Pikel is heavily wounded.
Pikel hits you with a +1 whip of electrocution.
* * * LOW HITPOINT WARNING * * *
You are electrocuted!!
You die...

######## ####### #÷.....#
#.....# ###K@....##########
#.....# #........##.......#
#.....#
#......####.#####.###
#.....###......# #.# #......
##.............# #†###.#.###
#.............# #.....#.###
#.............##########[##.
#........#######.........##.
#.[......# ####'##....####.


You could see Pikel.

Vanquished Creatures
  3 lemures (D:3)
  An orc priest (D:2)
  Crazy Yiuf (D:2)
  Natasha (thrice) (D:2)
  2 orc wizards (D:2)
  A worker ant (D:3)
  Robin (D:3)
  4 adders
  An ooze (D:2)
  A dart slug (D:3)
  4 leopard geckos
  10 orcs
  3 ball pythons
  6 bats
  2 giant cockroaches
  12 goblins
  15 hobgoblins
  A quokka (D:2)
  5 frilled lizards
  4 kobolds
  9 rats
89 creatures vanquished.

Notes
Turn   | Place    | Note
-------+----------+-------------------------------------------
     0 | D:1      | CypherZel the Ogre Berserker began the quest for the Orb.
     0 | D:1      | Reached XP level 1. HP: 24/24 MP: 1/1
   665 | D:1      | Reached XP level 2. HP: 29/33 MP: 2/2
   940 | D:2      | Found a burning altar of Makhleb.
  1003 | D:2      | Found a runed translucent door.
  1006 | D:2      | Noticed Crazy Yiuf
  1056 | D:2      | Reached XP level 3. HP: 40/40 MP: 3/3
  1090 | D:2      | Found a faded altar of an unknown god.
  1565 | D:2      | Found a hazy altar of Hepliaklqana.
  1639 | D:2      | Reached ** piety under Trog
  1639 | D:2      | Reached skill level 5 in Fighting
  1819 | D:2      | Noticed Natasha
  1832 | D:2      | Killed Natasha
  1832 | D:2      | Reached XP level 4. HP: 50/50 MP: 4/4
  1904 | D:2      | Noticed Natasha
  1920 | D:2      | Killed Natasha
  2206 | D:2      | Noticed Natasha
  2217 | D:2      | Killed Natasha
  2217 | D:2      | Reached XP level 5. HP: 59/59 MP: 5/5
  2442 | D:2      | Killed Crazy Yiuf
  2442 | D:2      | Reached skill level 6 in Fighting
  5502 | D:3      | Reached XP level 6. HP: 68/68 MP: 6/6
  5649 | D:3      | Found a snail-covered altar of Cheibriados.
  5862 | D:2      | Reached skill level 7 in Fighting
  6281 | D:3      | Noticed Robin
  6295 | D:3      | Killed Robin
  6381 | D:3      | Found a shadowy altar of Dithmenos.
  6865 | D:4      | Noticed Pikel
  7236 | D:3      | Reached skill level 5 in Maces & Flails
  7240 | D:3      | Slain by Pikel

Illustrated notes

Levels and vault maps discovered:
D:1:      matt_arrival_diagonals, layout_loops_ring
D:2:      layout_loops_ring, lemuel_doored_altar,
          chequers_ecumenical_altar_simple_redux, bloody_makhleb, uniq_natasha,
          uniq_crazy_yiuf_cottage
D:3:      minmay_chambers_of_twos, layout_basic,
          chequers_temple_overflow_statue_of_worship, uniq_robin
D:4:      layout_loops_corners, uniq_pikel

Skill      XL: |  1  2  3  4  5  6 |
---------------+-------------------+-----
Maces & Flails | 3 4 5 |  5.0
Fighting       | 5 6 7 |  7.2
Dodging        | |  2.6

Action                   |  1- 3 |  4- 6 || total
-------------------------+-------+-------++-------
Melee: Mace              |    85 |   217 ||   302
Throw: Stone             |     2 |     2 ||     4
       Dart              |       |     4 ||     4
Invok: Berserk           |     2 |     9 ||    11
  Use: Scroll            |     6 |     4 ||    10
Armor: Animal skin       |     7 |       ||     7
       Fire dragon scale |    19 |   139 ||   158
Dodge: Dodged            |    35 |   101 ||   136

Table legend: (Time is in decaauts)
 A = Elapsed time spent in this place.
 B = Non-inter-level travel time spent in this place.
 C = Inter-level travel time spent in this place.
 D = Time resting spent in this place.
 E = Time spent auto-exploring this place.
 F = Levels seen in this place.
 G = Mean time per level.
                   A        B        C        D        E       F      G
               +--------+--------+--------+--------+--------+-----+--------+
         Total |   7411 |   7139 |    272 |   4550 |   1719 |   4 | 1852.8 |
       Dungeon |   7411 |   7139 |    272 |   4550 |   1719 |   4 | 1852.8 |
               +--------+--------+--------+--------+--------+-----+--------+

Top non-repeatable levels by time:
     D:3: 3627 daAuts
     D:2: 2769 daAuts
     D:1: 975 daAuts
     D:4: 39 daAuts
